[Event "Titled Tuesday Blitz June 13 Early 2023"]
[White "Acikel, Mert"]
[Black "Papayan, Oleg"]
[WhiteFideId "12956465"]
[BlackFideId "4193911"]
[WhiteElo "2097"]
[BlackElo "2167"]
[Result "0-1"]
[Round "6"]
[TimeControl "180+2"]
[Date "2023.06.13"]
[WhiteClock "0:00:11"]
[BlackClock "0:00:47"]
[Board "155"]

1. e4 e5 2. Nf3 Nc6 3. Bc4 Nf6 4. d3 Bc5 5. c3 O-O 6. O-O d5 7. exd5 Nxd5 8. a4 a5 9. Re1 Bg4 10. Bb5 Bd6 11. h3 Bh5 12. Nbd2 Nce7 13. Ne4 c6 14. Bc4 f5 15. Ng3 Bxf3 16. Qxf3 Kh8 17. Bg5 Qd7 18. Rad1 h6 19. Bxe7 Nxe7 20. Bb3 Rae8 21. Qe2 Ng6 22. Qd2 f4 23. Ne4 f3 24. Nxd6 Nh4 25. Nxe8 fxg2 26. Qe3 Rf3 27. Qxe5 Rxh3 0-1


[Site "https://www.chess.com"]

[Event "Titled Tuesday Blitz June 13 Early 2023"]
[White "Jaivardhan Raj"]
[Black "Bueno, Alfeu Junior Varela"]
[WhiteFideId "25744437"]
[BlackFideId "2108879"]
[WhiteElo "1772"]
[BlackElo "2175"]
[Result "1-0"]
[Round "6"]
[TimeControl "180+2"]
[Date "2023.06.13"]
[WhiteClock "0:01:37"]
[BlackClock "0:00:00"]
[Board "156"]

1. e4 e6 2. d4 d5 3. Nd2 Nf6 4. e5 Nfd7 5. Bd3 c5 6. c3 Nc6 7. Ne2 cxd4 8. cxd4 f6 9. exf6 Nxf6 10. Nf3 Bd6 11. O-O Qc7 12. h3 O-O 13. Be3 Bd7 14. Nc3 a6 15. Rc1 Be8 16. Bb1 Bh5 17. Bd3 Qb6 18. g4 Nxg4 19. hxg4 Bxg4 20. Be2 Qd8 21. Ne5 Bxe2 22. Nxe2 Qh4 23. Ng3 Bxe5 24. dxe5 Nxe5 25. Kg2 Nf3 26. Rh1 Qg4 27. Qd3 h6 28. Rc7 Nh4+ 29. Kg1 Nf3+ 30. Kf1 Ne5 31. Qc3 Qxg3 32. Rg1 Qh3+ 33. Ke1 Nf3+ 34. Kd1 1-0


[Site "https://www.chess.com"]

[Event "Titled Tuesday Blitz June 13 Early 2023"]
[White "campochess"]
[Black "Estrada Nieto, Julian"]
[BlackFideId "5101018"]
[WhiteElo "2195"]
[BlackElo "2161"]
[Result "0-1"]
[Round "6"]
[TimeControl "180+2"]
[Date "2023.06.13"]
[WhiteClock "0:00:00"]
[BlackClock "0:00:20"]
[Board "157"]

1. Nf3 d5 2. b3 Nf6 3. Bb2 Bg4 4. Ne5 Bf5 5. d3 Nbd7 6. Nd2 e6 7. Ndf3 Bd6 8. h3 h6 9. g4 Bh7 10. Bg2 Nxe5 11. Nxe5 Qe7 12. a4 Bb4+ 13. Kf1 c6 14. c4 O-O 15. a5 a6 16. Ra4 Rfd8 17. Qc1 Bd6 18. g5 hxg5 19. Qxg5 Ne8 20. Qe3 f6 21. Nf3 Nc7 22. h4 e5 23. h5 d4 24. Qd2 Ne6 25. b4 c5 26. b5 Nf4 27. Nh4 Nxg2 28. Kxg2 Qe8 29. Nf3 axb5 30. cxb5 Qxb5 31. Raa1 Qd7 32. Rh4 Re8 33. Bc1 e4 34. Qa2+ Qf7 35. dxe4 Qxa2 36. Rxa2 Bxe4 37. Rg4 Kf7 38. Ba3 Bc6 39. Bb2 Rxe2 0-1


[Site "https://www.chess.com"]

[Event "Titled Tuesday Blitz June 13 Early 2023"]
[White "Osuna Vega, Enrique"]
[Black "Vega Gutierrez, Sabrina"]
[WhiteFideId "2219549"]
[BlackFideId "2219026"]
[WhiteElo "2184"]
[BlackElo "2209"]
[Result "0-1"]
[Round "6"]
[TimeControl "180+2"]
[Date "2023.06.13"]
[WhiteClock "0:00:00"]
[BlackClock "0:00:14"]
[Board "158"]

1. e4 c5 2. Nf3 Nc6 3. d4 cxd4 4. Nxd4 Nf6 5. Nc3 e5 6. Ndb5 d6 7. Nd5 Nxd5 8. exd5 Nb8 9. c4 Be7 10. Be2 a6 11. Nc3 O-O 12. O-O f5 13. f4 Nd7 14. fxe5 Nxe5 15. Be3 Bg5 16. Qc1 Bxe3+ 17. Qxe3 Bd7 18. b4 a5 19. a3 axb4 20. axb4 Rxa1 21. Rxa1 f4 22. Qe4 Qb6+ 23. c5 dxc5 24. Qxe5 cxb4+ 25. Kh1 bxc3 26. Qxc3 Qf2 27. Qf3 Qxf3 28. Bxf3 Rc8 29. h3 Rc3 30. Kh2 Kf8 31. Rb1 b5 32. Rb4 g5 33. Be2 Rc5 34. Bf3 Ke7 35. Re4+ Kd6 36. Rb4 Rc4 37. Rb2 b4 38. Kg1 Kc5 39. Kf2 Rc1 40. Be4 h6 41. Ke2 Bb5+ 42. Kd2 Rf1 43. Rc2+ Kd6 44. Bf3 Rf2+ 45. Kc1 Rxc2+ 46. Kxc2 Bc4 47. Kb2 Bxd5 0-1


[Site "https://www.chess.com"]

[Event "Titled Tuesday Blitz June 13 Early 2023"]
[White "Castillo Pena, Patricia Evarista"]
[Black "Goncalves, Davi Sulzbacher"]
[WhiteFideId "6412106"]
[BlackFideId "2154510"]
[WhiteElo "1859"]
[BlackElo "2182"]
[Result "0-1"]
[Round "6"]
[TimeControl "180+2"]
[Date "2023.06.13"]
[WhiteClock "0:00:03"]
[BlackClock "0:00:09"]
[Board "159"]

1. d4 Nf6 2. Nf3 c5 3. e3 d5 4. Bd3 Nc6 5. b3 Bg4 6. Bb2 e6 7. Nbd2 cxd4 8. exd4 Bd6 9. O-O O-O 10. a3 Rc8 11. Qb1 Qc7 12. h3 Bh5 13. Re1 Bg6 14. c4 Nh5 15. Ne5 Bxe5 16. dxe5 Nf4 17. Bxg6 fxg6 18. cxd5 Nxd5 19. Nc4 Rf4 20. Nd6 Rcf8 21. Re2 Qb6 22. Ne4 Qxb3 23. Ng5 Qb6 24. Bc1 Rxf2 25. Qxb6 Rf1+ 26. Kh2 axb6 27. Nxe6 Re8 28. Ng5 Rxe5 29. Rxe5 Nxe5 30. Bb2 Rxa1 31. Bxa1 Nc4 32. a4 Nc7 33. Bd4 h6 34. Ne4 Kf7 35. Nc3 g5 36. Nb5 Nxb5 37. axb5 g6 38. Kg3 Ke6 39. Kf3 Kd5 40. Bg7 h5 41. g4 Nd6 42. gxh5 gxh5 43. Bh6 Nf7 44. Bg7 Kc4 45. Bf6 Kxb5 46. Ke4 Kc4 47. Kf5 g4 48. hxg4 hxg4 49. Kxg4 b5 50. Kf3 Kd3 51. Kf2 b4 52. Ke1 Kc2 53. Ke2 b3 0-1


[Site "https://www.chess.com"]

[Event "Titled Tuesday Blitz June 13 Early 2023"]
[White "Blackwhite017"]
[Black "Girya, Olga"]
[BlackFideId "4195752"]
[WhiteElo "2137"]
[BlackElo "2263"]
[Result "0-1"]
[Round "6"]
[TimeControl "180+2"]
[Date "2023.06.13"]
[WhiteClock "0:00:28"]
[BlackClock "0:00:18"]
[Board "160"]

1. e4 e5 2. Nf3 Nc6 3. Bb5 a6 4. Ba4 Nf6 5. d3 Bc5 6. O-O d6 7. h3 O-O 8. c3 h6 9. Re1 Ba7 10. Nbd2 Ne7 11. Nf1 Ng6 12. Be3 Bxe3 13. fxe3 b5 14. Bb3 Be6 15. Ng3 Qd7 16. Kh2 c5 17. d4 Bxb3 18. Qxb3 Qb7 19. d5 a5 20. Qc2 a4 21. b3 axb3 22. axb3 Rxa1 23. Rxa1 Ra8 24. Rxa8+ Qxa8 25. Nf5 Qa6 26. N3h4 Nxh4 27. Nxh4 g6 28. g4 Qa1 29. Nf3 Qf1 30. Kg3 Kg7 31. c4 b4 32. h4 h5 33. gxh5 Nxh5+ 34. Kg4 Nf6+ 35. Kg3 Nh5+ 36. Kg4 Qh1 37. Qh2 Nf6+ 38. Kg3 Nxe4+ 39. Kg4 Qxh2 40. Nxh2 Nd2 41. h5 gxh5+ 42. Kxh5 Nxb3 43. Kg4 Na5 44. Nf1 Nxc4 45. e4 b3 46. Kf3 b2 0-1


[Site "https://www.chess.com"]

[Event "Titled Tuesday Blitz June 13 Early 2023"]
[White "whiteglovethief"]
[Black "Dishman, Stephen"]
[BlackFideId "403024"]
[WhiteElo "2494"]
[BlackElo "2204"]
[Result "1-0"]
[Round "6"]
[TimeControl "180+2"]
[Date "2023.06.13"]
[WhiteClock "0:00:47"]
[BlackClock "0:00:10"]
[Board "161"]

1. d4 d5 2. c4 c6 3. Nf3 Nf6 4. e3 Bf5 5. Nc3 e6 6. Bd3 Bxd3 7. Qxd3 Bb4 8. O-O O-O 9. Bd2 a5 10. a3 Be7 11. Rad1 Nbd7 12. e4 dxe4 13. Nxe4 Nxe4 14. Qxe4 a4 15. Bf4 Nf6 16. Qc2 Qb6 17. Rfe1 Rfd8 18. Be5 Nd7 19. Bg3 Nf6 20. h3 h6 21. Ne5 Nd7 22. Nf3 Bf6 23. Rd3 Nf8 24. Be5 Bxe5 25. Nxe5 Nd7 26. c5 Qb5 27. Nc4 Qa6 28. Nd6 b6 29. Rg3 Nf6 30. Nxf7 Rxd4 31. Qg6 Ne8 32. Nxh6+ Kh8 33. Nf7+ Kg8 34. Qxe6 Kh7 35. Qg6+ Kg8 36. Rxe8+ Rxe8 37. Qxg7# 1-0


[Site "https://www.chess.com"]

[Event "Titled Tuesday Blitz June 13 Early 2023"]
[White "Balla, Tamas-Kristof"]
[Black "Vifleemskaia, Svetlana"]
[WhiteFideId "1208497"]
[BlackFideId "4129490"]
[WhiteElo "2334"]
[BlackElo "1930"]
[Result "0-1"]
[Round "6"]
[TimeControl "180+2"]
[Date "2023.06.13"]
[WhiteClock "0:00:16"]
[BlackClock "0:00:58"]
[Board "162"]

1. e4 e5 2. Nf3 Nc6 3. d4 exd4 4. Nxd4 Bc5 5. Nb3 Bb6 6. Nc3 Nf6 7. Qe2 a5 8. Be3 Bxe3 9. Qxe3 a4 10. Nd4 Nxd4 11. Qxd4 a3 12. b3 d6 13. Bc4 Qe7 14. O-O O-O 15. Rfe1 Be6 16. Bd3 c6 17. e5 dxe5 18. Qxe5 Rfd8 19. Ne4 Nxe4 20. Rxe4 Rd5 21. Qf4 Qg5 22. Rae1 Qxf4 23. Rxf4 Rd7 24. h3 g6 25. Re2 Kg7 26. Bc4 Bxc4 27. Rxc4 Rad8 28. Kf1 Rd1+ 29. Re1 R1d2 30. g3 R8d7 31. h4 h5 32. Rc1 Rd1+ 33. Rxd1 Rxd1+ 34. Ke2 Ra1 35. Rb4 b5 36. Kd3 Rxa2 37. Kc3 Ra1 38. Rd4 Rf1 0-1


[Site "https://www.chess.com"]

[Event "Titled Tuesday Blitz June 13 Early 2023"]
[White "Zaitsev, Alexander"]
[Black "Ardila, Oscar Humberto"]
[WhiteFideId "4164490"]
[BlackFideId "4404742"]
[WhiteElo "2373"]
[BlackElo "1912"]
[Result "1-0"]
[Round "6"]
[TimeControl "180+2"]
[Date "2023.06.13"]
[WhiteClock "0:01:15"]
[BlackClock "0:01:12"]
[Board "163"]

1. e4 e5 2. Nc3 Nf6 3. Bc4 Nc6 4. d3 Bb4 5. Ne2 d6 6. O-O O-O 7. Bg5 h6 8. Bh4 Be6 9. Kh1 g5 10. Bg3 Bxc4 11. dxc4 Kg7 12. f3 Nh5 13. Bf2 Ba5 14. Nd5 Ne7 15. c5 Nxd5 16. Qxd5 Nf6 17. Qxb7 Qb8 18. Qa6 Bb4 19. cxd6 Bxd6 20. b3 h5 21. Ng3 Kg6 22. Nf5 Qc8 23. Qc6 Qe8 24. Qc4 g4 25. Rad1 Rd8 26. Bh4 Rh8 27. Qc3 Qe6 28. Qe3 Nh7 29. Bxd8 Rxd8 30. fxg4 Ng5 31. gxh5+ 1-0


[Site "https://www.chess.com"]

[Event "Titled Tuesday Blitz June 13 Early 2023"]
[White "Putri, Regita Desyari"]
[Black "Abduzhaparov"]
[WhiteFideId "7109083"]
[WhiteElo "1930"]
[BlackElo "2421"]
[Result "1/2-1/2"]
[Round "6"]
[TimeControl "180+2"]
[Date "2023.06.13"]
[WhiteClock "0:00:04"]
[BlackClock "0:00:05"]
[Board "164"]

1. d4 d6 2. c4 Nf6 3. Nf3 Nbd7 4. g3 e5 5. Bg2 Be7 6. O-O O-O 7. Nc3 Re8 8. e4 exd4 9. Nxd4 Bf8 10. h3 Nc5 11. Re1 a5 12. b3 c6 13. Bb2 g6 14. a3 Bg7 15. b4 axb4 16. axb4 Rxa1 17. Bxa1 Na6 18. b5 Nb4 19. bxc6 bxc6 20. Qa4 Bd7 21. Qxb4 c5 22. Qb7 cxd4 23. Nb5 Bxb5 24. cxb5 Nd7 25. Rd1 Nc5 26. Qc6 d3 27. Bxg7 Kxg7 28. b6 Re7 29. f4 Rb7 30. Rb1 d2 31. Qd5 Rxb6 32. Qd4+ f6 33. Rd1 Nb3 34. Qd5 Qc7 35. Kh2 Qc1 36. Bf3 Qc5 37. Qe6 Rb7 38. Bg2 Rc7 39. Qxb3 Qc1 40. Bf3 h5 41. Qd3 Rc3 42. Qxd6 Rxf3 43. Qe7+ Kh6 44. Kg2 Qxd1 45. Qf8+ Kh7 46. Qf7+ Kh6 47. Qf8+ Kh7 48. Qf7+ Kh6 49. Qf8+ 1/2-1/2


[Site "https://www.chess.com"]

[Event "Titled Tuesday Blitz June 13 Early 2023"]
[White "Tinmaz, Kerem"]
[Black "Vidruska, Renate"]
[WhiteFideId "44559151"]
[BlackFideId "11601841"]
[WhiteElo "2153"]
[BlackElo "1976"]
[Result "1-0"]
[Round "6"]
[TimeControl "180+2"]
[Date "2023.06.13"]
[WhiteClock "0:00:09"]
[BlackClock "0:00:00"]
[Board "166"]

1. e4 d5 2. exd5 Qxd5 3. Nc3 Qa5 4. d4 c6 5. Nf3 Bf5 6. Bc4 e6 7. O-O Qc7 8. Ne5 Nd7 9. Nxd7 Qxd7 10. Bf4 O-O-O 11. Ne2 Bd6 12. c3 Bxf4 13. Nxf4 Nf6 14. a4 Qc7 15. Qf3 Be4 16. Qe3 g5 17. Nh5 Ng4 18. Qg3 Qxg3 19. hxg3 Bg6 20. Ng7 Rhg8 21. Nxe6 Rde8 22. Nxg5 Re7 23. Nf3 Rge8 24. Rfe1 Rxe1+ 25. Rxe1 Rxe1+ 26. Nxe1 h5 27. Nd3 Kd7 28. Nf4 Ke7 29. Be2 Nf6 30. Kf1 Kd6 31. Ke1 c5 32. dxc5+ Kxc5 33. Kd2 Ne4+ 34. Ke3 Nf6 35. Nxg6 fxg6 36. b4+ Kd5 37. Bd3 g5 38. c4+ Ke5 39. f4+ gxf4+ 40. gxf4+ Ke6 41. Kd4 Ng4 42. Be2 Nf2 43. Bxh5 Kf5 44. Ke3 Nh1 45. g4+ Kf6 46. Kf3 b6 47. Kg2 1-0


[Site "https://www.chess.com"]

[Event "Titled Tuesday Blitz June 13 Early 2023"]
[White "Melikhov, Evgeny V."]
[Black "Levitan, Ronit"]
[WhiteFideId "4122046"]
[BlackFideId "2815109"]
[WhiteElo "2158"]
[BlackElo "1930"]
[Result "1-0"]
[Round "6"]
[TimeControl "180+2"]
[Date "2023.06.13"]
[WhiteClock "0:02:03"]
[BlackClock "0:00:32"]
[Board "167"]

1. d4 d5 2. c4 e6 3. Nc3 Nf6 4. cxd5 exd5 5. Bg5 Be7 6. e3 O-O 7. Bd3 Nbd7 8. Qc2 b6 9. Nf3 Bb7 10. O-O c5 11. Ne5 Rc8 12. Qa4 Nxe5 13. dxe5 Nh5 14. Bf4 Nxf4 15. Qxf4 Bg5 16. Qf5 g6 17. Qh3 Re8 18. f4 Be7 19. Rad1 Bf8 20. Bb5 Re6 21. Ne4 c4 22. Ng5 Bc5 23. Qxh7+ Kf8 24. Qxf7# 1-0


[Site "https://www.chess.com"]

[Event "Titled Tuesday Blitz June 13 Early 2023"]
[White "Haukenfrers, Dale"]
[Black "Chuemsakul, Sarocha"]
[WhiteFideId "2603780"]
[BlackFideId "6203710"]
[WhiteElo "2031"]
[BlackElo "1686"]
[Result "1-0"]
[Round "6"]
[TimeControl "180+2"]
[Date "2023.06.13"]
[WhiteClock "0:00:11"]
[BlackClock "0:00:00"]
[Board "168"]

1. c3 g6 2. d3 Bg7 3. h4 h5 4. Qb3 Nf6 5. Rh3 O-O 6. e4 d6 7. Nf3 Bxh3 8. Qxb7 Nbd7 9. gxh3 Nc5 10. Qc6 Qd7 11. Qxd7 Ncxd7 12. Ng5 c5 13. Nd2 a5 14. Nc4 a4 15. Be3 Rfb8 16. f3 Nb6 17. Nd2 Nfd7 18. Kf2 a3 19. b3 Bxc3 20. Rb1 Bd4 21. Be2 Ne5 22. f4 Bxe3+ 23. Kxe3 Nc6 24. Rg1 Nd4 25. Bd1 f6 26. Ngf3 Nxf3 27. Bxf3 Kf7 28. f5 gxf5 29. exf5 Rh8 30. Bxa8 Nxa8 31. Nc4 Nc7 32. Rg2 Nd5+ 33. Kd2 Nb4 34. Kc3 d5 35. Nb6 Rd8 36. d4 Na6 37. dxc5 Nxc5 38. Kd4 Na6 39. Na4 Nb4 40. Nc3 Nc6+ 41. Kc5 Ne5 42. Nb5 Nd3+ 43. Kd4 Nf4 44. Rc2 Nxh3 45. Nxa3 Ng1 46. Nb5 Nf3+ 47. Kd3 Nxh4 48. Nd4 Rg8 49. b4 Rg3+ 50. Kd2 Rg4 51. Kc3 Rg3+ 52. Kb2 Nf3 53. Ne6 Ne5 54. b5 Nc4+ 55. Rxc4 dxc4 56. b6 1-0


[Site "https://www.chess.com"]

[Event "Titled Tuesday Blitz June 13 Early 2023"]
[White "Sanchez, Robert"]
[Black "Rosenberg, Evan S"]
[WhiteFideId "2034360"]
[BlackFideId "2019299"]
[WhiteElo "1910"]
[BlackElo "2359"]
[Result "0-1"]
[Round "6"]
[TimeControl "180+2"]
[Date "2023.06.13"]
[WhiteClock "0:00:00"]
[BlackClock "0:00:10"]
[Board "169"]

1. e4 c5 2. Nf3 g6 3. d4 cxd4 4. c3 Nf6 5. e5 Nd5 6. Bc4 Nb6 7. Bb3 Bg7 8. h4 h5 9. Bxf7+ Kxf7 10. Ng5+ Kg8 11. cxd4 Nd5 12. Qf3 Qf8 13. Qxd5+ e6 14. Qb3 Nc6 15. Qd3 Qf5 16. Qd1 b6 17. O-O Bb7 18. Nc3 Rf8 19. Be3 Ba6 20. Re1 Bh6 21. Qa4 Bb7 22. f4 Bxg5 23. hxg5 Qg4 24. Qc2 Nb4 25. Qe2 Qg3 26. a3 Nd3 27. Rf1 Nxf4 28. Bxf4 Rxf4 29. Rxf4 Qxf4 30. d5 Qxg5 31. Rf1 Kg7 32. Qb5 Rd8 33. Qe2 Bxd5 34. Nxd5 exd5 35. e6 dxe6 36. Qxe6 d4 37. Rf7+ Kh6 38. Re7 Qe3+ 39. Qxe3+ dxe3 40. Rxe3 Rd2 41. Re7 a5 42. b4 a4 43. Re6 b5 44. Re5 Ra2 45. Rxb5 Rxa3 46. Ra5 Rb3 47. b5 a3 48. b6 Rxb6 49. Rxa3 g5 50. Kh2 g4 51. Kg3 Kg5 52. Ra5+ Kg6 53. Kh4 Rb2 54. Rg5+ Kf6 55. Rxh5 Rxg2 56. Rh6+ Kg7 57. Rh8 Kxh8 0-1


[Site "https://www.chess.com"]

[Event "Titled Tuesday Blitz June 13 Early 2023"]
[White "Howell, David W L"]
[Black "Liu, Kelsey"]
[WhiteFideId "410608"]
[BlackFideId "30944481"]
[WhiteElo "2567"]
[BlackElo "2249"]
[Result "1-0"]
[Round "6"]
[TimeControl "180+2"]
[Date "2023.06.13"]
[WhiteClock "0:00:41"]
[BlackClock "0:00:17"]
[Board "170"]

1. f4 d5 2. Nf3 c5 3. g3 Nc6 4. Bg2 Nf6 5. d3 e6 6. O-O Be7 7. Qe1 O-O 8. e4 b5 9. Nbd2 Bb7 10. c3 Qb6 11. Kh1 c4 12. e5 Nd7 13. d4 b4 14. g4 bxc3 15. bxc3 Nd8 16. f5 f6 17. Rb1 Qc7 18. fxe6 Nxe6 19. exf6 Rxf6 20. g5 Rg6 21. Nh4 Ndf8 22. Nxg6 hxg6 23. Nf3 Re8 24. Qh4 Nh7 25. Qg4 Bc8 26. Ne5 Qd8 27. Qf3 Nexg5 28. Qxd5+ Kh8 29. Nxg6# 1-0


[Site "https://www.chess.com"]

[Event "Titled Tuesday Blitz June 13 Early 2023"]
[White "Winslow, Elliott"]
[Black "Venkatesh, M.R."]
[WhiteFideId "2002523"]
[BlackFideId "5005779"]
[WhiteElo "2045"]
[BlackElo "2450"]
[Result "0-1"]
[Round "6"]
[TimeControl "180+2"]
[Date "2023.06.13"]
[WhiteClock "0:01:03"]
[BlackClock "0:00:56"]
[Board "171"]

1. e4 e5 2. Nf3 Nc6 3. Bb5 a6 4. Ba4 Nf6 5. O-O Bc5 6. c3 b5 7. Bb3 d6 8. d4 Bb6 9. a4 Bg4 10. axb5 axb5 11. Rxa8 Qxa8 12. d5 Ne7 13. h3 Bh5 14. Re1 Qc8 15. Qd3 O-O 16. Nbd2 c6 17. dxc6 Qxc6 18. Nf1 Bg6 19. Ng3 Nd7 20. Bg5 Nc5 21. Qc2 Re8 22. Bxe7 Rxe7 23. Bd5 Qxd5 0-1


[Site "https://www.chess.com"]

[Event "Titled Tuesday Blitz June 13 Early 2023"]
[White "Clawitter, Craig"]
[Black "Golubev, Mikhail"]
[WhiteFideId "2023105"]
[BlackFideId "14100983"]
[WhiteElo "2243"]
[BlackElo "2374"]
[Result "0-1"]
[Round "6"]
[TimeControl "180+2"]
[Date "2023.06.13"]
[WhiteClock "0:01:13"]
[BlackClock "0:02:05"]
[Board "172"]

1. e4 c5 2. Nf3 d6 3. d4 Nf6 4. Nc3 cxd4 5. Nxd4 g6 6. Be3 Bg7 7. f3 Nc6 8. Qd2 O-O 9. Bc4 Bd7 10. O-O-O Qa5 11. Kb1 Rfc8 12. Bb3 Ne5 13. h4 b5 14. Ncxb5 Qa6 15. a4 Rab8 16. h5 Nc4 17. Bxc4 Rxc4 18. b3 Rxa4 19. bxa4 Qxa4 20. Bh6 Nxe4 21. fxe4 Rxb5+ 22. Nxb5 Qa1# 0-1


[Site "https://www.chess.com"]

[Event "Titled Tuesday Blitz June 13 Early 2023"]
[White "Peycheva, Gergana"]
[Black "Mishra, Manoj"]
[WhiteFideId "2916711"]
[BlackFideId "5006007"]
[WhiteElo "2216"]
[BlackElo "1847"]
[Result "1-0"]
[Round "6"]
[TimeControl "180+2"]
[Date "2023.06.13"]
[WhiteClock "0:00:44"]
[BlackClock "0:00:05"]
[Board "173"]

1. d4 Nf6 2. c4 g6 3. Nc3 Bg7 4. e4 d6 5. Nf3 O-O 6. Be2 e5 7. O-O Nc6 8. d5 Ne7 9. b4 a5 10. Ba3 Nd7 11. bxa5 Rxa5 12. Bb4 Ra8 13. a4 b6 14. a5 bxa5 15. Bxa5 Nc5 16. Nb5 Rxa5 17. Rxa5 Nxe4 18. Ra8 f5 19. Bd3 Nc5 20. Ng5 Nxd5 21. Rxc8 Qxc8 22. cxd5 h6 23. Ne6 Nxe6 24. dxe6 Qxe6 25. Nxc7 Qd7 26. Bc4+ Kh7 27. Ne6 Rc8 28. Qd5 Bf6 29. Rd1 Be7 30. h3 Qa7 31. Rb1 e4 32. Rb7 Qa1+ 33. Kh2 Re8 34. Nf8+ Kg7 35. Qf7+ Kh8 36. Qg8# 1-0


[Site "https://www.chess.com"]

[Event "Titled Tuesday Blitz June 13 Early 2023"]
[White "Seletsky, Grigory"]
[Black "rionelG"]
[WhiteFideId "14112191"]
[WhiteElo "2491"]
[BlackElo "2227"]
[Result "1-0"]
[Round "6"]
[TimeControl "180+2"]
[Date "2023.06.13"]
[WhiteClock "0:00:02"]
[BlackClock "0:00:00"]
[Board "174"]

1. e4 c5 2. Nc3 d6 3. Bc4 a6 4. a4 e6 5. d3 Nc6 6. f4 Nf6 7. Nf3 d5 8. Bb3 dxe4 9. dxe4 Qxd1+ 10. Kxd1 Be7 11. e5 Ng4 12. Ke2 Nh6 13. Ne4 Nf5 14. c3 h5 15. g3 b6 16. Bd2 Bb7 17. h3 Na5 18. Bc2 Bxe4 19. Bxe4 Nxg3+ 20. Ke3 Nc4+ 21. Kd3 O-O-O+ 22. Kxc4 Nxe4 23. Be3 Ng3 24. Rhg1 Nf5 25. Bf2 Kb7 26. Rgd1 Kc6 27. b4 b5+ 28. Kb3 c4+ 29. Kc2 Rxd1 30. axb5+ axb5 31. Kxd1 Rd8+ 32. Ke2 Rd3 33. Ra6+ Kd5 34. Be1 Ke4 35. Ng5+ Bxg5 36. fxg5 Kxe5 37. Rb6 Rd5 38. Rb7 f6 39. g6 Kf4 40. h4 Kg4 41. Rf7 e5 42. Rb7 e4 43. Rf7 Nxh4 44. Rxg7 Rg5 45. Bxh4 Kxh4 46. Ke3 f5 47. Kf4 Rg4+ 48. Kxf5 e3 49. Re7 Rg3 50. Kf6 Kh3 51. g7 Kg2 52. Kf7 Kf2 53. Re6 e2 54. Rf6+ Rf3 55. Rxf3+ Kxf3 56. g8=Q e1=Q 57. Qg6 Qh4 58. Qc6+ Qe4 59. Qxb5 h4 60. Qh5+ Qg4 61. Qd5+ Kg3 62. b5 h3 63. b6 1-0


[Site "https://www.chess.com"]

[Event "Titled Tuesday Blitz June 13 Early 2023"]
[White "Luxama, Jacques Muller"]
[Black "Matyukov, Petr"]
[WhiteFideId "11900113"]
[BlackFideId "4103688"]
[WhiteElo "1931"]
[BlackElo "2278"]
[Result "0-1"]
[Round "6"]
[TimeControl "180+2"]
[Date "2023.06.13"]
[WhiteClock "0:00:00"]
[BlackClock "0:00:09"]
[Board "175"]

1. d4 Nf6 2. c4 c5 3. dxc5 e6 4. Nf3 Bxc5 5. e3 O-O 6. Be2 b6 7. O-O Bb7 8. a3 d5 9. Nc3 Nbd7 10. b4 Be7 11. Bb2 Rc8 12. Rc1 dxc4 13. Nb5 a6 14. Nd6 Bxd6 15. Qxd6 b5 16. Rfd1 Qb6 17. Qg3 Qc7 18. Ne5 Rfd8 19. Nxd7 Rxd7 20. Be5 Rxd1+ 21. Rxd1 Qe7 22. Bd6 Qe8 23. Be5 Kh8 24. Qg5 h6 25. Qh4 Qe7 26. Rd7 Qxd7 27. Bxf6 Kg8 0-1


[Site "https://www.chess.com"]

[Event "Titled Tuesday Blitz June 13 Early 2023"]
[White "Chandreyee, Hajra"]
[Black "Xavier_mompel"]
[WhiteFideId "5056535"]
[WhiteElo "1725"]
[BlackElo "2197"]
[Result "1-0"]
[Round "6"]
[TimeControl "180+2"]
[Date "2023.06.13"]
[WhiteClock "0:00:39"]
[BlackClock "0:00:00"]
[Board "176"]

1. e4 c5 2. Nf3 e6 3. d4 cxd4 4. Nxd4 Nc6 5. Nc3 Qc7 6. Be3 a6 7. f4 d6 8. Qf3 Nf6 9. O-O-O Be7 10. Rg1 Bd7 11. g4 h6 12. g5 hxg5 13. fxg5 Ne5 14. Qe2 Nh5 15. Bh3 b5 16. a3 Rc8 17. g6 Nxg6 18. Bxe6 Bxe6 19. Nxe6 fxe6 20. Rxg6 Bf6 21. Bd4 Kf7 22. Rg4 Qc6 23. e5 dxe5 24. Bxe5 Bxe5 25. Qxe5 Nf6 26. Rdg1 Nxg4 27. Rxg4 Rh7 28. Rf4+ Kg8 29. Rf2 Rd8 30. Ne4 a5 31. Rg2 Rc8 32. c3 b4 33. Rc2 Kh8 34. Rg2 bxc3 35. bxc3 1-0


[Site "https://www.chess.com"]

[Event "Titled Tuesday Blitz June 13 Early 2023"]
[White "le-castor-faineant"]
[Black "Ramirez Vido, Robert Yorisan"]
[BlackFideId "3513823"]
[WhiteElo "2191"]
[BlackElo "2378"]
[Result "1-0"]
[Round "6"]
[TimeControl "180+2"]
[Date "2023.06.13"]
[WhiteClock "0:00:45"]
[BlackClock "0:00:00"]
[Board "177"]

1. e4 d6 2. d4 Nf6 3. Nc3 g6 4. Bg5 Bg7 5. e5 dxe5 6. dxe5 Ng4 7. Qxd8+ Kxd8 8. Nf3 Nxe5 9. Nxe5 Bxe5 10. Nd5 f6 11. Be3 Be6 12. O-O-O Bxd5 13. Rxd5+ Bd6 14. Bc4 c6 15. Rd2 Kc7 16. Be6 Na6 17. c4 Rhd8 18. Rhd1 b6 19. a3 Kb7 20. Kc2 Bc7 21. Rd7 Rxd7 22. Rxd7 Re8 23. Bf4 g5 24. Bg3 1-0


[Site "https://www.chess.com"]

[Event "Titled Tuesday Blitz June 13 Early 2023"]
[White "Davidson, Kevin"]
[Black "Fabris, Alberto"]
[WhiteFideId "2056810"]
[BlackFideId "801348"]
[WhiteElo "2151"]
[BlackElo "2175"]
[Result "1-0"]
[Round "6"]
[TimeControl "180+2"]
[Date "2023.06.13"]
[WhiteClock "0:00:07"]
[BlackClock "0:00:52"]
[Board "178"]

1. e4 c5 2. Nf3 d6 3. d4 cxd4 4. Nxd4 Nf6 5. Nc3 a6 6. h3 e6 7. g4 Be7 8. Bg2 Qc7 9. O-O Nc6 10. Be3 O-O 11. g5 Nd7 12. f4 Nxd4 13. Bxd4 b5 14. a3 Bb7 15. Qe2 Nb6 16. Rad1 Rad8 17. h4 d5 18. Qf2 Nc4 19. exd5 exd5 20. f5 Bd6 21. Nxd5 Bxd5 22. Bxd5 Bg3 23. Qg2 Bxh4 24. g6 Qg3 25. gxf7+ Kh8 26. Qxg3 Bxg3 27. Be6 Bh4 28. Bc5 Nxb2 29. Bxf8 Rxf8 30. Rd7 Bf6 31. Kg2 Nc4 32. Bxc4 bxc4 33. Re1 g6 34. Re8 Kg7 35. fxg6 hxg6 36. Rxf8 Kxf8 37. a4 Be7 38. Ra7 Kxf7 39. Rxa6 Bf6 40. Rc6 c3 41. a5 Bd4 42. a6 Ke7 43. a7 Bxa7 44. Rc7+ Kd6 45. Rxa7 1-0


[Site "https://www.chess.com"]

[Event "Titled Tuesday Blitz June 13 Early 2023"]
[White "Kiseljova, Marya"]
[Black "Slavin, Alexey"]
[WhiteFideId "4155009"]
[BlackFideId "24104388"]
[WhiteElo "1831"]
[BlackElo "2264"]
[Result "0-1"]
[Round "6"]
[TimeControl "180+2"]
[Date "2023.06.13"]
[WhiteClock "0:00:06"]
[BlackClock "0:00:35"]
[Board "179"]

1. d4 Nc6 2. d5 Ne5 3. Bf4 Ng6 4. Bg3 e5 5. e4 Bc5 6. Bc4 d6 7. Ne2 Nf6 8. Nbc3 a6 9. a4 O-O 10. O-O h5 11. h3 h4 12. Bh2 Nh5 13. Kh1 Qg5 14. Ng1 Nhf4 15. Qf3 f5 16. g3 Nh5 17. exf5 Bxf5 18. Qg2 hxg3 19. fxg3 Bd7 20. Bd3 Nf6 21. Ne4 Nxe4 22. Bxe4 Ne7 23. Nf3 Qh6 24. g4 Ng6 25. c3 Nf4 26. Bxf4 Rxf4 27. Nd2 Rxg4 28. Qh2 Rh4 29. Bg2 Bxh3 30. Bxh3 Rxh3 0-1


[Site "https://www.chess.com"]

[Event "Titled Tuesday Blitz June 13 Early 2023"]
[White "Sailer, Mike"]
[Black "drdaro"]
[WhiteFideId "2012901"]
[WhiteElo "2109"]
[BlackElo "2327"]
[Result "1-0"]
[Round "6"]
[TimeControl "180+2"]
[Date "2023.06.13"]
[WhiteClock "0:01:10"]
[BlackClock "0:00:00"]
[Board "181"]

1. d4 f5 2. Bg5 g6 3. e4 fxe4 4. Nc3 Bg7 5. Nxe4 Nf6 6. Nxf6+ exf6 7. Bf4 O-O 8. Qd2 Re8+ 9. Be2 b6 10. O-O-O Bb7 11. Bf3 Bxf3 12. Nxf3 Nc6 13. h4 d6 14. Bh6 Qd7 15. Bxg7 Kxg7 16. h5 g5 17. h6+ Kg8 18. Nxg5 fxg5 19. Qxg5+ Kf7 20. Rh3 Rf8 21. Rf3+ 1-0


[Site "https://www.chess.com"]